 Dungeon Crawl Stone Soup version 0.30-a0-297-g0ec75d9ef4 (webtiles) character file.

Game seed: 5003573458167407546

108383 KennySheep the Summoner (level 15, -8/124 HPs)
             Began as a Demigod Conjurer on Oct 19, 2022.
             Mangled by an orc warlord
             ... wielding a +0 great sword
              (16 damage)
             ... while paralysed by an orc sorcerer
             ... on level 1 of the Orcish Mines on Oct 20, 2022.
             The game lasted 02:01:27 (25885 turns).

KennySheep the Summoner (Demigod Conjurer)         Turns: 25885, Time: 02:01:28

Health: -8/124     AC: 17    Str:  5 (8)  XL:     15   Next: 54%
Magic:  5/33       EV:  2    Int: 44      God:
Gold:   1592       SH:  0    Dex: 12      Spells: 2/33 levels left

rFire   . . .      SeeInvis .    a - staff of cold
rCold   + . .      Faith    .    O - +0 kite shield
rNeg    + . .      Spirit   .    T - +3 robe of Clouds {*Thunder rCloud rElec}
rPois   +          Reflect  .    q - +2 helmet
rElec   +          Harm     .    c - +2 cloak {rPois}
rCorr   .          Rampage  .    f - +0 pair of gloves
Will    +....                    o - +0 pair of boots "Wobiasinna" {Int+4}
Stlth   ++........               K - amulet of magic regeneration
HPRegen 0.40/turn                A - ring "Nisiur" {rElec rN+ AC+4 Dex+2}
MPRegen 0.63/turn                U - +4 ring of evasion

@: paralysed
A: high MP 1, forlorn, divine attributes, clumsy 1, deterioration 1, screaming 1
a: no special abilities


You were on level 1 of the Orcish Mines.
You visited 3 branches of the dungeon, and saw 21 of its levels.
You also visited: Sewer.

You collected 1592 gold pieces.

Inventory:

Missiles
 y - 8 throwing nets
Armour
 c - a +2 cloak of poison resistance (worn)
 f - a +0 pair of gloves (worn)
 o - the +0 pair of boots "Wobiasinna" (worn) {Int+4}
   (You acquired it on level 3 of the Lair of Beasts)

   Int:       It affects your intelligence (+4).
 q - a +2 helmet (worn)
 O - a +0 kite shield (worn)
 T - the +3 robe of Clouds (worn) {*Thunder rCloud rElec}
   (You found it on level 10 of the Dungeon)

   It occasionally creates storm clouds above nearby enemies.
   It grants its wearer immunity to clouds.
   rElec:     It insulates you from electricity.
Magical Staves
 a - a staff of cold (weapon)
 G - a staff of fire
Jewellery
 h - a +6 ring of dexterity
 r - a ring of willpower
 z - a ring of poison resistance
 A - the ring "Nisiur" (left hand) {rElec rN+ AC+4 Dex+2}
   (You found it on level 5 of the Dungeon)

   [ring of protection]

   AC:        It affects your AC (+4).
   Dex:       It affects your dexterity (+2).
   rElec:     It insulates you from electricity.
   rN:        It protects you from negative energy.
 I - a ring of protection from fire
 K - an amulet of magic regeneration (around neck)
 U - a +4 ring of evasion (right hand)
Wands
 b - a wand of polymorph (3)
 s - a wand of light (16)
 H - a wand of charming (4)
 N - a wand of roots (11)
 Q - a wand of digging (7)
 V - a wand of flame (16)
Scrolls
 d - a scroll of identify
 i - 7 scrolls of teleportation
 k - 5 scrolls of amnesia
 v - 3 scrolls of enchant weapon
 x - 2 scrolls of blinking
 B - 4 scrolls of vulnerability
 C - 3 scrolls of torment
 E - 2 scrolls of fear
 J - 2 scrolls of enchant armour
 L - 4 scrolls of brand weapon
 M - 5 scrolls of butterflies
 S - a scroll of immolation
 W - 2 scrolls of magic mapping
 Z - a scroll of summoning
Potions
 e - a potion of ambrosia {unknown}
 g - 6 potions of might
 j - 11 potions of flight
 l - 9 potions of curing
 n - 7 potions of heal wounds
 p - a potion of berserk rage
 t - 3 potions of haste
 u - 2 potions of cancellation
 w - 2 potions of mutation
 F - 4 potions of attraction
 X - a potion of brilliance
 Y - a potion of lignification
Miscellaneous
 P - a phantom mirror
 R - a box of beasts


   Skills:
 + Level 9.0 Fighting
 + Level 3.9 Staves
 - Level 2.5 Dodging
 - Level 1.7 Stealth
 * Level 8.7 Shields
 + Level 9.7 Spellcasting
 - Level 10.4 Conjurations
 * Level 10.9 Summonings
 - Level 4.8 Translocations
 - Level 7.0 Ice Magic
 - Level 8.8 Air Magic
 - Level 7.8 Evocations


You had 2 spell levels left.
You knew the following spells:

 Your Spells              Type           Power      Damage    Failure   Level
a - Magic Dart            Conj           100%       1d8       1%          1
b - Searing Ray           Conj           100%       2d8       1%          2
c - Iskenderun's Mystic   Conj/Tloc      73%        2d15      1%          4
d - Passage of Golubria   Tloc           59%        N/A       4%          4
e - Freezing Cloud        Conj/Ice/Air   49%        6-21      2%          5
f - Airstrike             Air            39%        2d(6-22)  1%          4
g - Swiftness             Air            78%        N/A       1%          3
h - Call Canine Familiar  Summ           87%        N/A       1%          3
i - Lightning Bolt        Conj/Air       41%        1d60      1%          5

Your spell library contained the following spells:

 Spells                   Type           Power      Damage    Failure   Level
 Shock                    Conj/Air       100%       1d9       1%          1
 Summon Small Mammal      Summ           100%       N/A       1%          1
 Dazzling Flash           Conj/Hex       100%       N/A       1%          3
 Hailstorm                Conj/Ice       99%        3d19      1%          3
 Kindle Blastsparks       Fire/Tloc/Air  100%       2d18      1%          3
 Summon Guardian Golem    Hex/Summ       63%        N/A       1%          3
 Vhi's Electric Charge    Tloc/Air       100%       N/A       1%          3
 Summon Lightning Spire   Summ/Air       83%        N/A       1%          4
 Arcjolt                  Conj/Air       41%        1d51      1%          5
 Fulminant Prism          Conj/Hex       30%        3d16      3%          4
 Ice Form                 Ice/Tmut       68%        N/A       8%          4
 Ignite Poison            Fire/Tmut/Pois 21%        N/A       10%         3
 Tukima's Dance           Hex            21%        N/A       10%         3
 Summon Hydra             Summ           43%        N/A       30%         7
 Yara's Violent Unravell  Hex/Tmut       10%        3d6       65%         5
 Simulacrum               Ice/Necr       34%        N/A       75%         6
 Summon Horrible Things   Summ           43%        N/A       93%         8
 Maxwell's Capacitive Co  Air            39%        ∞         99%         8


Dungeon Overview and Level Annotations

Branches:
Dungeon (15/15)            Temple (0/1) D:5            Lair (5/5) D:9
 Spider (0/4) Lair:2        Slime (0/5) Lair:4          Orc (1/2) D:11
 Vaults (0/5) D:14          Sewer (visited)
  Swamp: Lair:2-3    Shoals: Lair:2-3    Depths: D:15

Shops:
D:7 *   Orc:1 !

Portals:
Trove: D:14 (give +2 gold dragon scales)

Annotations:
D:2 1 runed translucent door, Crazy Yiuf
D:6 1 runed translucent door
D:10 2 transporters, Laraso's ghost, novice DrTm
Lair:4 1 runed translucent door, 2 transporters, koil's ghost, journeyman SpEn


Innate Abilities, Weirdness & Mutations

You have an increased reservoir of magic. (+10% MP)
You shall have no god before yourself.
Your divine heritage dramatically boosts your attributes as you level up.
You are clumsy. (Dex -2)
Your body sometimes deteriorates upon taking damage.
You occasionally shout uncontrollably at your foes.


Message History

You feel a bit more experienced.
The orc sorcerer is engulfed in freezing vapours.
The ogre is engulfed in freezing vapours.
The sun demon is engulfed in freezing vapours.
The orange demon is engulfed in freezing vapours.
You hit the orc warlord but do no damage.
The orc warlord is moderately wounded.
The orc warlord is engulfed in freezing vapours.
The orc warlord hits you with a +0 great sword!!
The ogre is engulfed in freezing vapours.
You kill the ogre!
The orc sorcerer is engulfed in freezing vapours.
The orange demon is engulfed in freezing vapours.
The orc warlord is engulfed in freezing vapours.
You barely miss the orc warlord.
The orc warlord is heavily wounded.
The sun demon is engulfed in freezing vapours.
The orc sorcerer gestures at you while chanting.
You suddenly lose the ability to move!
The orange demon is engulfed in freezing vapours.
The orc warlord is engulfed in freezing vapours.
The orc warlord hits you with a +0 great sword.
The sun demon is engulfed in freezing vapours.
The sun demon hits you!
You are engulfed in flames!
Your body deteriorates!
You feel weakened.
The orc sorcerer is engulfed in freezing vapours.
You kill the orc sorcerer!
The orange demon disappears in a puff of smoke!
The sun demon disappears in a puff of smoke!
The orc warlord is engulfed in freezing vapours.
The orc warlord hits you with a +0 great sword!
* * * LOW HITPOINT WARNING * * *
Your body deteriorates!
You feel weakened.
The orc warlord is engulfed in freezing vapours.
The orc warlord hits you with a +0 great sword!!
* * * LOW HITPOINT WARNING * * *
Your magical contamination has completely faded away.
The orc warlord is engulfed in freezing vapours.
The orc warlord hits you with a +0 great sword!
You die...

..........)))..o.).
#......§§§§###[).
#....§.§§§§§#.#...
##...)§§§§§8§.))...
#....§§§§§§§#)#...#
.#.....§§§8§§.8..#.#
#.......§§§#§..[#.
.$....{§o§§.8#....$#
......##@§§..#....##
.....# ##.........#
..... .........##
.... #...#.#.# ...
.......## ..$
...#..## ...#### #.#


You could see an orc warlord.

Vanquished Creatures
  Rupert (D:12)
  A dire elephant (Lair:5)
  3 vault guards (D:14)
  Harold (D:9)
  An ogre mage (D:15)
  3 hydras (Lair:5)
  6 boulder beetles
  4 centaur warriors
  5 two-headed ogres
  18 death yaks
  2 tengu warriors
  Nergalle (D:10)
  A fire crab (shapeshifter) (D:15)
  2 wizards
  4 orc knights
  A deep elf pyromancer (D:10)
  A lindwurm (Lair:4)
  4 orc sorcerers
  2 manticores
  A salamander (shapeshifter) (D:13)
  8 centaur zombies (D:11)
  3 cyclopes
  8 ugly things
  22 elephants
  12 cane toads
  2 gargoyles
  A torpor snail (Lair:1)
  5 black mambas
  4 unseen horrors
  A freezing wraith (D:10)
  3 komodo dragons
  A yaktaur (D:14)
  4 rime drakes
  2 efreet
  A tengu conjurer (D:15)
  A polar bear (Lair:5)
  9 trolls
  12 blink frogs
  2 tyrant leeches (Lair:2)
  5 slime creatures (D:14)
  2 meliai zombies (D:11)
  A spectral elephant (Lair:5)
  3 jumping spiders (Lair:2)
  7 wyverns
  A vampire (D:11)
  3 wraiths
  40 yaks
  A spriggan (Lair:2)
  5 shadows
  3 basilisks
  A human (D:14)
  6 vampire mosquitoes
  2 steam dragons
  A redback (Lair:2)
  2 spectral cane toads (Lair:5)
  3 acid dragons
  A warg (shapeshifter) (D:15)
  3 wargs (Orc:1)
  10 water moccasins
  14 orc warriors
  A swamp drake (D:11)
  A black bear (D:6)
  3 sky beasts
  9 ogres
  2 ice beasts
  18 wolves
  11 centaurs
  4 phantoms
  3 gnoll sergeants
  6 kobold brigands
  20 bullfrogs
  2 necrophages
  An elf skeleton (D:4)
  8 killer bees
  4 howler monkeys
  5 electric eels (D:9)
  4 jellies
  8 hounds
  14 orc priests
  2 gnoll boudas
  3 iguanas
  A merfolk siren (Sewer)
  22 orc wizards
  5 human skeletons (D:4)
  5 hell rats (Lair:5)
  A merfolk avatar (Sewer)
  Robin (D:2)
  24 gnolls
  16 adders
  4 river rats (Sewer)
  A white imp (D:5)
  2 ufetubi
  2 worms
  A dart slug (D:1)
  67 orcs
  8 endoplasms
  6 giant cockroaches
  15 goblins
  17 hobgoblins
  4 jackals (D:1)
  22 kobolds
  3 quokkas
  11 ball pythons
  6 bats
  4 frilled lizards
  4 orc skeletons (D:4)
  An orc zombie (D:4)
  26 rats
685 creatures vanquished.

Vanquished Creatures (collateral kills)
  A boulder beetle (D:11)
1 creature vanquished.

Vanquished Creatures (others)
  110 fungi
  112 plants
  7 withered plants
229 creatures vanquished.

Grand Total: 915 creatures vanquished

Notes
Turn   | Place    | Note
-------+----------+-------------------------------------------
     0 | D:1      | KennySheep the Demigod Conjurer began the quest for the
                  | Orb.
     0 | D:1      | Reached XP level 1. HP: 14/14 MP: 5/5
     6 | D:1      | Noticed a black mamba
     6 | D:1      | Noticed a polar bear
     6 | D:1      | Noticed a redback
     7 | D:1      | Noticed a wyvern
     7 | D:1      | Noticed a wolf
   323 | D:1      | Reached XP level 2. HP: 14/20 MP: 4/7
   326 | D:1      | Learned a level 2 spell: Searing Ray
  1177 | D:1      | Reached XP level 3. HP: 26/26 MP: 5/9
  1638 | D:2      | Noticed Robin
  1774 | D:2      | Reached XP level 4. HP: 33/33 MP: 5/10
  1818 | D:2      | Learned a level 4 spell: Iskenderun's Mystic Blast
  1899 | D:2      | Killed Robin
  2167 | D:2      | Reached skill level 5 in Conjurations
  2367 | D:2      | Found a runed translucent door.
  2368 | D:2      | Noticed Crazy Yiuf
  2558 | D:3      | Identified the +8 spear of Outrage {freeze, rPois Stlth+}
  2583 | D:3      | Reached skill level 1 in Translocations
  2661 | D:3      | Reached XP level 5. HP: 38/38 MP: 7/12
  3227 | D:4      | Found a glowing drain.
  3241 | Sewer    | Entered a sewer
  3301 | Sewer    | Reached XP level 6. HP: 32/45 MP: 8/13
  3479 | Sewer    | Reached skill level 1 in Evocations
  4032 | D:4      | Reached XP level 7. HP: 41/50 MP: 15/15
  4895 | D:5      | Entered Level 5 of the Dungeon
  4935 | D:5      | Found a staircase to the Ecumenical Temple.
  4965 | D:5      | Learned a level 4 spell: Passage of Golubria
  5637 | D:5      | Identified the ring "Nisiur" {rElec rN+ AC+4 Dex+2}
  6135 | D:6      | Reached XP level 8. HP: 52/57 MP: 17/17
  6782 | D:6      | Learned a level 5 spell: Freezing Cloud
  7161 | D:6      | Found a runed translucent door.
  7356 | D:6      | Reached skill level 1 in Ice Magic
  7370 | D:6      | Reached skill level 1 in Fighting
  7370 | D:6      | Reached skill level 1 in Air Magic
  7431 | D:6      | Reached skill level 5 in Spellcasting
  7565 | D:6      | Reached XP level 9. HP: 64/64 MP: 15/20
  8288 | D:7      | Found Liozxik's Luxury Loot.
 10407 | D:9      | Noticed Harold
 10441 | D:9      | Reached skill level 5 in Evocations
 10520 | D:9      | Reached XP level 10. HP: 77/77 MP: 22/22
 10545 | D:9      | Killed Harold
 10556 | D:9      | Noticed a death yak
 10556 | D:9      | Noticed a death yak
 10833 | D:9      | Noticed a death yak
 10842 | D:9      | Killed a death yak
 10842 | D:9      | Noticed a death yak
 10847 | D:9      | Noticed a death yak
 10849 | D:9      | Noticed a death yak
 10849 | D:9      | Killed a death yak
 10850 | D:9      | Reached skill level 5 in Air Magic
 10968 | D:9      | Found a staircase to the Lair.
 10969 | D:9      | Noticed a death yak
 11008 | D:9      | Killed a death yak
 11013 | D:9      | Killed a death yak
 11225 | D:9      | Reached skill level 5 in Ice Magic
 11365 | D:9      | Noticed a two-headed ogre
 11373 | D:9      | Killed a two-headed ogre
 11464 | D:9      | Noticed a death yak
 11472 | D:9      | Killed a death yak
 11473 | D:9      | Reached XP level 11. HP: 73/84 MP: 9/24
 11473 | D:9      | Killed a death yak
 11475 | D:9      | Killed a death yak
 11477 | D:9      | Killed a death yak
 11631 | D:9      | Found a transporter.
 11632 | D:9      | Found a transporter.
 11632 | D:9      | Noticed a boulder beetle
 11802 | D:10     | Entered Level 10 of the Dungeon
 11833 | Lair:1   | Entered Level 1 of the Lair of Beasts
 12927 | Lair:2   | Found a hole to the Spider Nest.
 12940 | Lair:2   | Reached skill level 5 in Fighting
 12972 | Lair:2   | Learned a level 4 spell: Airstrike
 12976 | Lair:2   | Learned a level 3 spell: Swiftness
 13285 | D:9      | Killed a boulder beetle
 13530 | Lair:2   | Reached XP level 12. HP: 83/94 MP: 11/27
 13531 | Lair:2   | Noticed a dire elephant
 13756 | Lair:2   | Identified the +6 mace "Spiderbane" {vamp, Dex+3}
 13768 | Lair:2   | Reached skill level 10 in Conjurations
 14203 | Lair:2   | You fall into a shaft and drop 1 floor!
 14204 | Lair:3   | Identified a scroll of acquirement
 14209 | Lair:3   | Gained mutation: You have hidden genetic defects. [potion
                  | of mutation]
 14209 | Lair:3   | Gained mutation: You have a somewhat thin skeletal
                  | structure. (Dex +2, Stealth+) [potion of mutation]
 14210 | Lair:3   | Lost mutation: You have hidden genetic defects. [potion of
                  | mutation]
 14210 | Lair:3   | Lost mutation: You have a somewhat thin skeletal structure.
                  | (Dex +2, Stealth+) [potion of mutation]
 14210 | Lair:3   | Gained mutation: You occasionally shout uncontrollably at
                  | your foes. [potion of mutation]
 14210 | Lair:3   | Gained mutation: Your body sometimes deteriorates upon
                  | taking damage. [potion of mutation]
 14210 | Lair:3   | Gained mutation: You do not regenerate when monsters are
                  | visible. [potion of mutation]
 14210 | Lair:3   | Gained mutation: You possess an exceptional clarity of
                  | mind. [potion of mutation]
 14211 | Lair:3   | Lost mutation: You do not regenerate when monsters are
                  | visible. [potion of mutation]
 14211 | Lair:3   | Lost mutation: You possess an exceptional clarity of mind.
                  | [potion of mutation]
 14211 | Lair:3   | Gained mutation: You are clumsy. (Dex -2) [potion of
                  | mutation]
 14216 | Lair:3   | Acquired the +0 pair of boots "Wobiasinna" {Int+4}
 14563 | Lair:3   | Got Sif Muna's Book of Attendants
 14730 | Lair:3   | Noticed a boulder beetle
 14737 | Lair:3   | Killed a boulder beetle
 14798 | Lair:3   | Learned a level 3 spell: Call Canine Familiar
 15177 | Lair:4   | Reached skill level 1 in Summonings
 15337 | Lair:4   | Found a runed translucent door.
 15338 | Lair:4   | Found a staircase to the Slime Pits.
 15404 | Lair:4   | Found a transporter.
 15407 | Lair:4   | Found a transporter.
 15409 | Lair:4   | Noticed koil's ghost (journeyman SpEn)
 15787 | Lair:4   | Reached XP level 13. HP: 103/103 MP: 29/29
 15843 | Lair:4   | Reached skill level 1 in Shields
 16523 | Lair:4   | Reached XP level 14. HP: 111/111 MP: 20/30
 16763 | Lair:5   | Entered Level 5 of the Lair of Beasts
 17528 | Lair:5   | Reached skill level 5 in Shields
 18700 | D:10     | Found a transporter.
 18810 | D:10     | Found a transporter.
 18828 | D:10     | Noticed Laraso's ghost (novice DrTm)
 19051 | D:10     | Noticed Nergalle
 19056 | D:10     | Killed Nergalle
 19736 | D:10     | Found the +3 robe of Clouds {*Thunder rCloud rElec}
 20903 | D:11     | Reached skill level 1 in Staves
 21624 | D:11     | Found a staircase to the Orcish Mines.
 21662 | Orc:1    | Entered Level 1 of the Orcish Mines
 21662 | Orc:1    | Found Tiafycor's Distillery.
 21670 | Orc:1    | Noticed an orc warlord
 22272 | D:12     | Noticed Rupert
 22280 | D:12     | Killed Rupert
 22521 | D:12     | Reached XP level 15. HP: 114/122 MP: 27/33
 22549 | D:12     | Reached skill level 10 in Summonings
 23158 | D:13     | Learned a level 5 spell: Lightning Bolt
 24168 | D:14     | Found a portal to a secret trove of treasure.
 24954 | D:14     | Found a gate to the Vaults.
 25082 | D:15     | Entered Level 15 of the Dungeon
 25882 | Orc:1    | Paralysed by an orc sorcerer for 4 turns
 25885 | Orc:1    | Mangled by an orc warlord

Illustrated notes

Levels and vault maps discovered:
D:1:      onia_arrival_zoo_common, layout_basic, ebering_ecumenical_altar_hall
D:2:      layout_rooms, basic_altar, minmay_pentomino_p2, uniq_robin,
          uniq_crazy_yiuf_cottage
D:3:      layout_rooms, chequers_serial_rivers_small_a
D:4:      minmay_wonky_spiral, layout_loops_corners, portal_sewer_entry_d,
          nicolae_ossuary_entry_catacombs
D:5:      layout_gridville, minmay_temple_entry_offerings
D:6:      kennysheep_housing_project, layout_basic, minmay_misc_feat_encased,
          lightli_church_of_beogh
D:7:      layout_loops_corners, nicolae_alphabet_shops, fountainhead
D:8:      layout_loops_cross, st_stairs_8
D:9:      gammafunk_boulding_lane, layout_irregular_city,
          nicolae_overflow_squiral, tgw_xom, dpeg_lair_monsters, serial_bayou,
          serial_bayou_pond_b, serial_bayou_lake_a, serial_bayou_pond_a,
          serial_bayou_pond_c, serial_bayou_pond_d, serial_bayou_pond_d,
          uniq_harold
D:10:     layout_layer_cave, mainiacjoe_overflow_paths,
          gammafunk_temple_overflow_statue, gammafunk_ghost_wrathful_warriors,
          minmay_the_grid_2x2 [minmay_the_grid_fan, minmay_the_grid_square_x,
          minmay_the_grid_embedded,
          minmay_the_grid_prize_four_corners_diamond_a], uniq_nergalle
D:11:     layout_loops_corners, erik_orc_1, serial_undead, serial_undead_f,
          serial_undead_a, serial_undead_d, serial_undead_a,
          trog_three_pillars_becter
D:12:     layout_basic, uniq_rupert
D:13:     layout_basic
D:14:     layout_cave_pools, grunt_vaults_entry_fortified,
          nicolae_trove_entry_crossroad, hangedman_decor_lopped,
          nicolae_dithmenos_through_a_glass_darkly
D:15:     grunt_enter_depths_hoard, layout_basic, serial_shops,
          nicolae_inconvenience_store, chequers_serial_rivers_small_b,
          grunt_ministairs_15
Lair:1:   layout_roguey
Lair:2:   mu_elephants_graveyard, layout_gridlike, minmay_swamp_entry_worms,
          spider_nest_entry_a
Lair:3:   layout_regular_city, gauntlet_entry_generic, wad_woods_road_02,
          st_stairs_10
Lair:4:   layout_regular_city, slime_entry_2, gammafunk_ghost_arena,
          infiniplex_staircase_pool_2
Lair:5:   due_jungle_book, layout_loops_ring, nzn_sisyphean_effort,
          lemuel_fruit_tree
Orc:1:    layout_diamond_mine, serial_shops, nicolae_shop_statue_plus,
          basic_altar

Skill      XL: |  1  2  3  4  5  6  7  8  9 10 11 12 13 14 15 |
---------------+----------------------------------------------+-----
Spellcasting   | 2 3 4 5 6 7 8 9 |  9.7
Conjurations   | 4 5 6 7 8 9 10 | 10.4
Translocations | 1 2 3 4 |  4.8
Evocations     | 1 3 4 5 6 7 |  7.8
Ice Magic      | 1 3 5 7 |  7.0
Fighting       | 1 3 4 5 6 8 9 |  9.0
Air Magic      | 1 3 5 7 8 |  8.8
Dodging        | 2 |  2.5
Summonings     | 6 7 9 10 | 10.9
Shields        | 3 7 8 |  8.7
Staves         | 2 3 |  3.9
Stealth        | |  1.7

Action                   |  1- 3 |  4- 6 |  7- 9 | 10-12 | 13-15 || total
-------------------------+-------+-------+-------+-------+-------++-------
Melee: Unarmed           |     1 |       |       |       |       ||     1
       Quarterstaff      |     1 |       |       |       |       ||     1
       Spear             |       |    90 |   201 |   198 |   108 ||   597
       Punch             |       |       |     3 |       |       ||     3
       Staff             |       |       |       |       |   110 ||   110
 Cast: Magic Dart        |    77 |    92 |    70 |       |       ||   239
       Searing Ray       |     3 |    15 |    37 |     2 |     6 ||    63
       Iskenderun's Myst |       |       |    16 |    45 |    99 ||   160
       Freezing Cloud    |       |       |     4 |    85 |   179 ||   268
       Passage of Golubr |       |       |     1 |     1 |       ||     2
       Airstrike         |       |       |       |     7 |    10 ||    17
       Call Canine Famil |       |       |       |       |     4 ||     4
  Use: Scroll            |     1 |     4 |     5 |    10 |     6 ||    26
       Potion            |       |     2 |     1 |     6 |     1 ||    10
 Stab: Sleeping          |       |     9 |     8 |     1 |     1 ||    19
       Distracted        |       |       |     2 |     1 |       ||     3
Armor: Robe              |     1 |       |       |       |    74 ||    75
       Animal skin       |       |    17 |    75 |    81 |    36 ||   209
       Leather armour    |       |     1 |       |       |       ||     1
       Acid dragon scale |       |       |       |       |     6 ||     6
Dodge: Dodged            |    11 |    45 |   159 |   151 |   176 ||   542
Block: Kite shield       |       |       |       |       |   147 ||   147

Table legend: (Time is in decaauts)
 A = Elapsed time spent in this place.
 B = Non-inter-level travel time spent in this place.
 C = Inter-level travel time spent in this place.
 D = Time resting spent in this place.
 E = Time spent auto-exploring this place.
 F = Levels seen in this place.
 G = Mean time per level.
                   A        B        C        D        E       F      G
               +--------+--------+--------+--------+--------+-----+--------+
         Total |  26076 |  24773 |   1303 |   5957 |  14319 |  22 | 1185.3 |
       Dungeon |  19117 |  18133 |    984 |   3885 |  11123 |  15 | 1274.5 |
          Lair |   6345 |   6027 |    318 |   2034 |   2825 |   5 | 1269.0 |
  Orcish Mines |     40 |     40 |      0 |      0 |      0 |   1 |   40.0 |
         Sewer |    574 |    574 |      0 |     37 |    371 |   1 |  574.0 |
               +--------+--------+--------+--------+--------+-----+--------+

Top non-repeatable levels by time:
     D:6: 2155 daAuts
    D:10: 2011 daAuts
  Lair:4: 1807 daAuts
     D:1: 1668 daAuts
    D:11: 1618 daAuts
     D:9: 1606 daAuts
  Lair:5: 1282 daAuts
     D:8: 1248 daAuts
    D:14: 1226 daAuts
     D:5: 1223 daAuts
     D:4: 1210 daAuts
  Lair:1: 1176 daAuts
  Lair:2: 1071 daAuts
    D:12: 1054 daAuts
     D:7: 1050 daAuts
